 Dungeon Crawl Stone Soup version 0.30.1-3-gfc49f6343a (webtiles) character file.

Game seed: 8280853639078922142

8442 spardeous the Thaumaturge (level 10, -3/69 HPs)
             Began as a Demigod Conjurer on Aug 9, 2023.
             Hit by a large rock thrown by a cyclops (28 damage)
             ... on level 11 of the Dungeon.
             The game lasted 00:14:47 (10849 turns).

spardeous the Thaumaturge (Demigod Conjurer)       Turns: 10849, Time: 00:14:48

Health: -3/69      AC:  9    Str: 14    XL:     10   Next: 84%
Magic:  25/38      EV: 11    Int: 32    God:
Gold:   757        SH:  0    Dex: 12    Spells: 24/31 levels left

rFire   . . .        J - +6 trident
rCold   . . .        (no shield)
rNeg    . . .        s - +3 leather armour {rPois}
rPois   +            (no helmet)
rElec   .            i - +1 cloak
rCorr   .            (no gloves)
SInv    .            D - +0 pair of boots {Fly}
Will    +....        c - amulet of magic regeneration
Stlth   ++           n - +6 ring of strength
HPRegen 0.31/turn    u - ring of magical power
MPRegen 0.66/turn

%: no passive effects
@: flying
A: high MP 1, forlorn, divine attributes
a: no special abilities


You were on level 11 of the Dungeon.
You visited 1 branch of the dungeon, and saw 11 of its levels.
You also visited: Sewer.

You collected 823 gold pieces.
You spent 66 gold pieces at shops.

Inventory:

Hand Weapons
 x - a +2 antimagic dagger
 E - a +0 heavy hand axe
 J - a +6 trident (weapon)
Armour
 i - a +1 cloak (worn)
 s - a +3 leather armour of poison resistance (worn)
 D - a +0 pair of boots of flying (worn)
 F - a +2 leather armour of fire resistance
 M - +0 steam dragon scales
Jewellery
 c - an amulet of magic regeneration (around neck)
 n - a +6 ring of strength (left hand)
 u - a ring of magical power (right hand)
 G - an amulet of guardian spirit
 Q - a ring of poison resistance
Wands
 v - a wand of light (14)
 K - a wand of polymorph (3)
 N - a wand of flame (14)
Scrolls
 a - a scroll of vulnerability {unknown}
 e - 5 scrolls of noise
 g - 2 scrolls of poison
 h - 8 scrolls of teleportation
 k - 3 scrolls of fear
 r - a scroll of fog
 w - 3 scrolls of blinking
 y - a scroll of silence
 A - 3 scrolls of enchant weapon
 C - a scroll of enchant armour
 H - 2 scrolls of amnesia
 I - 2 scrolls of torment
 L - 3 scrolls of magic mapping
 O - a scroll of immolation {unknown}
Potions
 b - a potion of magic
 d - 5 potions of mutation {unknown}
 f - 7 potions of curing {unknown}
 j - 4 potions of cancellation {unknown}
 l - 4 potions of brilliance {unknown}
 m - 3 potions of heal wounds {unknown}
 o - 3 potions of attraction {unknown}
 p - 4 potions of ambrosia {unknown}
 q - 3 potions of might {unknown}
 t - 2 potions of berserk rage
 z - a potion of lignification
 B - 2 potions of degeneration
 P - a potion of invisibility


   Skills:
 - Level 1.7 Dodging
 - Level 1.7 Stealth
 + Level 11.0 Spellcasting
 - Level 8.0 Conjurations
 + Level 7.8 Translocations


You had 24 spell levels left.
You knew the following spells:

 Your Spells              Type           Power      Damage    Failure   Level
a - Magic Dart            Conj           100%       1d8       1%          1
b - Searing Ray           Conj           100%       2d8       1%          2
c - Iskenderun's Mystic   Conj/Tloc      62%        2d13      1%          4

Your spell library contained the following spells:

 Spells                   Type           Power      Damage    Failure   Level
 Dazzling Flash           Conj/Hex       86%        N/A       1%          3
 Volatile Blastmotes      Fire/Tloc      84%        2d17      1%          3
 Beastly Appendage        Tmut           34%        N/A       3%          1
 Summon Small Mammal      Summ           68%        N/A       3%          1
 Wereblood                Tmut           17%        N/A       5%          2
 Fulminant Prism          Conj/Hex       21%        3d12      7%          4
 Call Canine Familiar     Summ           17%        N/A       11%         3
 Frozen Ramparts          Ice            34%        1d6       11%         3
 Spider Form              Tmut/Pois      17%        N/A       11%         3
 Summon Guardian Golem    Hex/Summ       17%        N/A       11%         3
 Ice Form                 Ice/Tmut       17%        N/A       34%         4
 Summon Ice Beast         Ice/Summ       17%        N/A       34%         4
 Starburst                Conj/Fire      21%        6d7       71%         6


Dungeon Overview and Level Annotations

Branches:
Dungeon (11/15)            Temple (0/1) D:6            Lair (0/5) D:10
    Orc (0/2) D:9           Sewer (visited)

Shops:
D:3 *


Innate Abilities, Weirdness & Mutations

You have an increased reservoir of magic. (+10% MP)
You shall have no god before yourself.
Your divine heritage dramatically boosts your attributes as you level up.


Message History

What are your orders? t - Shout!
Orders for allies: a - Attack new target. r - Retreat! s - Stop attacking. g - Guard the area. f - Follow me.
Anything else - Cancel.
You shout for attention!
The cyclops shouts!
There is an open door here.
You start waiting.
A cyclops is nearby!
The cyclops throws a large rock.
The large rock hits you!!!
Ouch! That really hurt!
* * * LOW HITPOINT WARNING * * *
You take 45 damage, and have 24/69 hp.
MASSIVE DAMAGE!!
Casting: Iskenderun's Mystic Blast (dangerous; 1% risk of failure)
Confirm with . or Enter, or press ? or * to list all spells.
You erupt in a blast of force!
You now have 34/38 mp.
Unknown command.
Casting: Iskenderun's Mystic Blast (dangerous; 1% risk of failure)
Confirm with . or Enter, or press ? or * to list all spells.
You erupt in a blast of force!
The mystic blast hits the cyclops!
The cyclops is moderately wounded.
You now have 31/38 mp.
Unknown command.
Casting: Iskenderun's Mystic Blast (dangerous; 1% risk of failure)
Confirm with . or Enter, or press ? or * to list all spells.
You erupt in a blast of force!
The mystic blast hits the cyclops!
The cyclops is heavily wounded.
You now have 28/38 mp.
Unknown command.
Casting: Iskenderun's Mystic Blast (dangerous; 1% risk of failure)
Confirm with . or Enter, or press ? or * to list all spells.
You erupt in a blast of force!
The mystic blast hits the cyclops!
The cyclops is severely wounded.
The cyclops is knocked back by the mystic blast.
You now have 24/38 mp.
Unknown command.
The cyclops throws a large rock.
The large rock hits you!!
You die...

#########.........##.#
#.........##.#
#.........##.#
##........##.#
#........##.# #.#+#######.#
. #.#.##### #.# ...
#.#.....# #.#
..C..#####@#..##.# #.######
............#..#.# #......#
###.......C.#..#.########.#
#.........#..#.....# #.#
#.........#.....##.# #.#
#............#..##.####.#
#.........#..#..##.#....#
#.........##....##.#.####
#.........##.#>..).#.####


You could see a cyclops.

Vanquished Creatures
  A boulder beetle (D:11)
  A two-headed ogre (D:9)
  A cyclops (D:11)
  An unseen horror (D:11)
  2 komodo dragons
  A troll (D:10)
  A hornet (D:9)
  3 meliai (D:10)
  2 wraiths
  3 wyverns (D:10)
  5 steam dragons
  A basilisk (D:10)
  An unseen horror simulacrum (D:10)
  A water moccasin (D:6)
  Pargi (Sewer)
  4 ice beasts
  An orc warrior (D:10)
  A sky beast (D:8)
  A black bear (D:6)
  An ogre (D:7)
  4 centaurs
  3 phantoms
  3 kobold brigands
  A gnoll sergeant (D:9)
  A scorpion (D:5)
  2 bullfrogs (D:7)
  5 wights (D:9)
  10 howler monkeys
  4 hounds
  A jelly (D:7)
  An orc priest (D:5)
  3 iguanas
  Ijyb (D:3)
  2 sleepcaps
  Terence (D:3)
  7 orc wizards
  10 adders
  3 gnolls (D:9)
  2 river rats (D:6)
  A shadow imp (D:5)
  A white imp (D:6)
  An adder skeleton (D:3)
  2 adder zombies (D:3)
  5 worms
  4 dart slugs
  25 orcs
  6 ball pythons
  An endoplasm (D:1)
  A giant cockroach (D:1)
  10 goblins
  7 hobgoblins
  4 jackals (D:4)
  3 quokkas
  A ball python skeleton (D:3)
  7 bats
  5 frilled lizards
  26 kobolds
  A quokka skeleton (D:3)
  6 rats
214 creatures vanquished.

Notes
Turn   | Place    | Note
-------+----------+-------------------------------------------
     0 | D:1      | spardeous the Demigod Conjurer began the quest for the Orb.
     0 | D:1      | Reached XP level 1. HP: 14/14 MP: 5/5
   227 | D:1      | Reached XP level 2. HP: 20/20 MP: 1/7
  1249 | D:2      | Reached XP level 3. HP: 26/26 MP: 6/8
  1654 | D:3      | Noticed Terence
  1661 | D:2      | Learned a level 2 spell: Searing Ray
  1912 | D:3      | Reached skill level 5 in Conjurations
  2061 | D:3      | Killed Terence
  2062 | D:3      | Reached XP level 4. HP: 11/33 MP: 1/9
  2313 | D:3      | Noticed Ijyb
  2397 | D:3      | Killed Ijyb
  2441 | D:3      | Found Uptidwoel's Assorted Antiques.
  2449 | D:3      | Bought a scroll labelled MISIUS HEOGEZ for 23 gold pieces
  2449 | D:3      | Bought a scroll labelled IPPIAP REQEMMA for 23 gold pieces
  2449 | D:3      | Bought a fuming grey potion for 20 gold pieces
  2720 | D:4      | Reached XP level 5. HP: 38/38 MP: 5/10
  3079 | D:4      | Learned a level 4 spell: Iskenderun's Mystic Blast
  3258 | D:4      | Reached XP level 6. HP: 45/45 MP: 5/11
  3336 | D:5      | Entered Level 5 of the Dungeon
  4403 | D:6      | Reached XP level 7. HP: 34/50 MP: 4/12
  4417 | D:6      | Reached skill level 1 in Translocations
  4593 | D:6      | Found a staircase to the Ecumenical Temple.
  4805 | D:6      | Reached skill level 5 in Translocations
  4823 | D:6      | Found a glowing drain.
  4836 | Sewer    | Entered a sewer
  4905 | Sewer    | Noticed Pargi
  4913 | Sewer    | Killed Pargi
  4914 | Sewer    | Reached XP level 8. HP: 50/57 MP: 2/13
  5593 | D:6      | Reached skill level 2 in Spellcasting
  5821 | D:7      | Reached skill level 3 in Spellcasting
  5909 | D:7      | Reached skill level 4 in Spellcasting
  6101 | D:7      | Reached skill level 5 in Spellcasting
  6325 | D:7      | Reached skill level 6 in Spellcasting
  6430 | D:7      | Reached XP level 9. HP: 62/62 MP: 22/22
  6601 | D:7      | You are sucked into a shaft and drop 2 floors!
  6698 | D:9      | Reached skill level 7 in Spellcasting
  6891 | D:9      | Reached skill level 8 in Spellcasting
  7290 | D:9      | Noticed a two-headed ogre
  7300 | D:9      | Killed a two-headed ogre
  7301 | D:9      | Reached skill level 9 in Spellcasting
  7380 | D:9      | Found a staircase to the Orcish Mines.
  7610 | D:8      | Reached XP level 10. HP: 35/69 MP: 11/27
  8482 | D:10     | Entered Level 10 of the Dungeon
  8633 | D:10     | Reached skill level 10 in Spellcasting
  8693 | D:10     | Found a staircase to the Lair.
 10087 | D:11     | Noticed a boulder beetle
 10114 | D:11     | Noticed a cyclops
 10196 | D:11     | HP: 3/69 [boulder beetle (37)]
 10197 | D:11     | Killed a boulder beetle
 10517 | D:11     | Killed a cyclops
 10518 | D:11     | Reached skill level 11 in Spellcasting
 10830 | D:11     | Noticed a cyclops
 10849 | D:11     | Hit by a large rock thrown by a cyclops

Illustrated notes

Levels and vault maps discovered:
D:1:      reono_arrival_forest_river, layout_rooms
D:2:      layout_loops_ring
D:3:      layout_rooms, serial_undead, serial_undead_d, serial_undead_e,
          serial_undead_e, serial_undead_a, serial_shops, shop,
          minmay_fountain_box, uniq_terence, uniq_ijyb
D:4:      layout_basic, minmay_cupped
D:5:      layout_loops_ring, grunt_temple_overflow_open, zin_scriptorium,
          elyvilon_altar_4, grunt_decor_clamped
D:6:      kennysheep_steamy, layout_loops_ring, marbit_many_paths,
          minmay_temple_entry_statues_pillars, lightli_sewer_entry_pipes,
          grunt_decor_arrowhead
D:7:      layout_loops_cross, mainiacjoe_overflow_small_starburst,
          minmay_checkerbox
D:8:      layout_loops_ring
D:9:      nicolae_hitomezashi [nicolae_hito_row, nicolae_hito_row,
          nicolae_hito_row, nicolae_hito_row, nicolae_hito_row,
          nicolae_hito_row, nicolae_hito_row, nicolae_hito_row,
          nicolae_hito_row, nicolae_hito_row, nicolae_hito_row,
          nicolae_hito_row, nicolae_hito_row, nicolae_hito_row,
          nicolae_hito_row, nicolae_hito_row, nicolae_hito_row,
          nicolae_hito_row], layout_basic, minivault_10
D:10:     layout_loops_ring, erik_lair_dragon, chequers_jeans,
          kennysheep_just_a_vault
D:11:     layout_basic, nicolae_uskayaw_suspiria

Skill      XL: |  1  2  3  4  5  6  7  8  9 10 |
---------------+-------------------------------+-----
Conjurations   | 4 5 6 8 |  8.0
Translocations | 5 7 |  7.8
Spellcasting   | 6 9 11 | 11.0
Dodging        | |  1.7
Stealth        | |  1.7

Action                     |  1- 3 |  4- 6 |  7- 9 | 10-12 || total
---------------------------+-------+-------+-------+-------++-------
  Melee: Dagger            |       |     9 |    14 |       ||    23
         Trident           |       |       |    22 |    10 ||    32
   Cast: Magic Dart        |    89 |    88 |    52 |       ||   229
         Searing Ray       |     2 |    21 |    44 |       ||    67
         Iskenderun's Myst |       |       |    51 |    90 ||   141
    Use: Scroll            |       |       |     9 |     5 ||    14
 Armour: Robe              |     3 |       |       |       ||     3
         Leather armour    |     2 |    63 |    68 |     8 ||   141
  Dodge: Dodged            |     6 |    49 |    69 |    10 ||   134
